 Dungeon Crawl Stone Soup version 0.32-a0-996-gb3226c233f (webtiles) character file.

Game seed: 4690707354313076101

165 Bokken the Gusty (level 5, 0/28 HPs)
             Began as a Tengu Air Elementalist on Apr 23, 2024.
             Slain by a river rat (6 damage)
             ... summoned by Eustachio
             ... on level 4 of the Dungeon.
             The game lasted 00:06:03 (3621 turns).

Bokken the Gusty (Tengu Air Elementalist)           Turns: 3621, Time: 00:06:05

Health: 0/28       AC:  3    Str:  9    XL:     5   Next: 46%
Magic:  9/11       EV: 11    Int: 17    God:
Gold:   205        SH:  0    Dex: 14    Spells: 2/10 levels left

rFire   . . .        e - +3 dagger
rCold   . . .        (no shield)
rNeg    . . .        a - +0 robe
rPois   .            (helmet restricted)
rElec   .            (no cloak)
rCorr   .            j - +0 pair of gloves
SInv    .            (boots unavailable)
Will    .....        (no amulet)
Stlth   ++           (no ring)
HPRegen 0.24/turn    (no ring)
MPRegen 0.12/turn

%: acrobat
@: no status effects
A: beak, talons 3, acrobatic
a: no special abilities


You were on level 4 of the Dungeon.
You visited 1 branch of the dungeon, and saw 4 of its levels.

You collected 205 gold pieces.

Inventory:

Hand Weapons
 e - a +3 dagger (weapon)
Armour
 a - a +0 robe (worn)
 j - a +0 pair of gloves (worn)
Jewellery
 m - a ring of ice
Scrolls
 g - 2 scrolls of noise {unknown}
 h - a scroll of vulnerability {unknown}
 i - 4 scrolls of identify {unknown}
 k - a scroll of summoning {unknown}
Potions
 c - a potion of berserk rage {unknown}
 d - 2 potions of brilliance {unknown}
 f - 3 potions of curing {unknown}
 l - 3 potions of invisibility {unknown}


   Skills:
 + Level 2.4 Dodging
 + Level 2.4 Stealth
 + Level 3.4 Spellcasting
 + Level 3.2 Conjurations
 + Level 5.4 Air Magic


You had 2 spell levels left.
You knew the following spells:

 Your Spells              Type           Power      Damage    Failure   Level
a - Shock                 Conj/Air       68%        1d7       2%          1
b - Static Discharge      Conj/Air       34%        3-5/arc   4%          2
c - Airstrike             Air            10%        2d(2-18)  17%         4
d - Sting                 Conj/Alch      32%        1d5       9%          1

Your spell library contained the following spells:

 Spells                   Type           Power      Damage    Failure   Level
 Mercury Vapours          Alch/Air       24%        N/A       9%          2
 Swiftness                Air            21%        N/A       5%          3
 Olgreb's Toxic Radiance  Alch           2%         N/A       86%         4


Dungeon Overview and Level Annotations

Branches:
Dungeon (4/15)
 Temple: D:4-7

Altars:
Wu Jian
The Shining One

Annotations:
D:4 Eustachio


Innate Abilities, Weirdness & Mutations

You have a beak for a mouth.
You have claws for feet.
You can magically evade attacks while moving or waiting.


Message History

Unknown command.
Casting: Static Discharge (safe; 4% risk of failure)
Confirm with . or Enter, or press ? or * to list all spells.
You don't know that spell.
Sorry, you're not good enough to have a special ability.
Casting: Static Discharge (safe; 4% risk of failure)
Confirm with . or Enter, or press ? or * to list all spells.
Aiming: Shock (safe; 2% risk of failure)
Press: ? - help, Shift-Dir - straight line, f/p - endoplasm
Aim: an endoplasm (severely wounded, 98% to hit)
The zap hits Eustachio!
Eustachio is heavily wounded.
The zap hits the endoplasm.
You kill the endoplasm!
Eustachio casts a spell.
Magic courses through your body.
The river rat bites you but does no damage.
Eustachio hits you with a +2 rapier of protection.
The shadow imp gestures at you. Pain shoots through your body!
* * * LOW HITPOINT WARNING * * *
Casting: Shock (safe; 2% risk of failure)
Confirm with . or Enter, or press ? or * to list all spells.
The river rat is struck by an arc of lightning.
The river rat is lightly wounded.
You are struck by an arc of lightning.
* * * LOW HITPOINT WARNING * * *
Eustachio is struck by an arc of lightning.
Eustachio is severely wounded.
The lightning grounds out.
Eustachio is struck by an arc of lightning.
Eustachio is severely wounded.
The shadow imp is struck by an arc of lightning.
The shadow imp is heavily wounded.
Eustachio is struck by an arc of lightning.
Eustachio is almost dead.
The shadow imp is struck by an arc of lightning.
The shadow imp is almost dead.
The lightning grounds out.
The river rat bites you.
You die...

#########
#>.......
######..(.....
#..!(........
#..........#
#.....5....#
#......@...# #@#
.# #r## .#
#..##.# ##.##.#
#.##.# #.##.#
.... #.##.#
...... #....#
......
###..###+##......


You could see Eustachio (poisoned), a river rat (summoned) and a shadow imp
(summoned).

Vanquished Creatures
  An iguana (D:4)
  6 adders
  2 dart slugs
  2 ribbon worms (D:2)
  2 orcs (D:4)
  7 bats
  3 endoplasms
  4 giant cockroaches
  6 goblins
  6 hobgoblins
  13 jackals
  2 quokkas
  5 ball pythons
  4 frilled lizards
  3 kobolds
  7 rats
73 creatures vanquished.

Notes
Turn   | Place    | Note
-------+----------+-------------------------------------------
     0 | D:1      | Bokken the Tengu Air Elementalist began the quest for the
                  | Orb.
     0 | D:1      | Reached XP level 1. HP: 10/10 MP: 4/4
   329 | D:1      | Reached XP level 2. HP: 15/15 MP: 1/6
   334 | D:1      | Learned a level 2 spell: Static Discharge
   927 | D:1      | Reached XP level 3. HP: 19/19 MP: 3/7
  1507 | D:2      | Reached skill level 5 in Air Magic
  1590 | D:2      | Reached XP level 4. HP: 19/24 MP: 3/8
  1675 | D:2      | Learned a level 4 spell: Airstrike
  2547 | D:3      | Learned a level 1 spell: Sting
  2851 | D:3      | Found a glowing golden altar of the Shining One.
  2868 | D:3      | Found an ornate altar of the Wu Jian Council.
  3252 | D:4      | Reached XP level 5. HP: 28/28 MP: 8/10
  3612 | D:4      | Noticed Eustachio
  3621 | D:4      | Slain by a river rat

Illustrated notes

Levels and vault maps discovered:
D:1:      lemuel_arrival_rhombus, layout_loops_corners
D:2:      layout_basic
D:3:      layout_basic, mainiacjoe_overflow_large_starburst
D:4:      layout_basic, uniq_eustachio

Skill      XL: |  1  2  3  4  5 |
---------------+----------------+-----
Conjurations   | 2 3 |  3.2
Air Magic      | 5 |  5.4
Spellcasting   | 3 |  3.4
Dodging        | |  2.4
Stealth        | |  2.4

Action                     |  1- 3 |  4- 6 || total
---------------------------+-------+-------++-------
  Melee: Dagger            |    22 |     6 ||    28
         Kick              |     6 |     2 ||     8
         Peck              |     3 |     1 ||     4
   Cast: Shock             |    50 |    53 ||   103
         Static Discharge  |     9 |     8 ||    17
         Sting             |       |    12 ||    12
         Airstrike         |       |     2 ||     2
    Use: Potion            |     1 |     1 ||     2
   Stab: Sleeping          |     2 |       ||     2
 Armour: Robe              |    31 |    16 ||    47
  Dodge: Dodged            |    26 |    10 ||    36

Table legend: (Time is in decaauts)
 A = Elapsed time spent in this place.
 B = Non-inter-level travel time spent in this place.
 C = Inter-level travel time spent in this place.
 D = Time resting spent in this place.
 E = Time spent auto-exploring this place.
 F = Levels seen in this place.
 G = Mean time per level.
                   A        B        C        D        E       F      G
               +--------+--------+--------+--------+--------+-----+--------+
         Total |   3620 |   3521 |     99 |    250 |   2759 |   4 |  905.0 |
       Dungeon |   3620 |   3521 |     99 |    250 |   2759 |   4 |  905.0 |
               +--------+--------+--------+--------+--------+-----+--------+

Top non-repeatable levels by time:
     D:1: 1470 daAuts
     D:2: 862 daAuts
     D:3: 788 daAuts
     D:4: 499 daAuts
